 Dungeon Crawl Stone Soup version 0.23.2-40-g277498a001 (webtiles) character file.

Game seed: 766625767489627480

240 Descartes the Changer (level 6, -1/29 HPs)
             Began as a Vine Stalker Transmuter on Oct 21, 2019.
             Slain by a sky beast (4 damage)
             ... on level 5 of the Dungeon.
             The game lasted 00:07:40 (3315 turns).

Descartes the Changer (Vine Stalker Transmuter)     Turns: 3315, Time: 00:07:41

Health: -1/29      AC:  4    Str: 13    XL:     6   Next: 8%
Magic:  0/12       EV: 12    Int: 18    God:
Gold:   194        SH:  0    Dex: 14    Spells: 4/12 levels left

rFire    . . .     SeeInvis .   i - +1 dagger (elec)
rCold    . . .     Gourm    .   (no shield)
rNeg     . . .     Faith    .   p - +0 leather armour
rPois    .         Spirit   +   (no helmet)
rElec    .         Reflect  .   (no cloak)
rCorr    .         Harm     .   x - +0 pair of gloves
MR       +....                  (no boots)
Stlth    +.........             (no amulet)
HPRegen  0.49/turn              n - +3 ring of intelligence
MPRegen  0.13/turn              r - ring of protection from magic

@: no status effects
A: fangs 2, regeneration 1, magic shield, antimagic bite, no potion heal 3, rot
immunity
a: no special abilities


You were on level 5 of the Dungeon.
You were not hungry.

You visited 1 branch of the dungeon, and saw 4 of its levels.

You collected 194 gold pieces.

Inventory:

Hand Weapons
 i - a +1 dagger of electrocution (weapon)
Missiles
 a - 37 arrows
 e - 123 stones (quivered)
 m - 25 bolts
 v - a throwing net
Armour
 b - a +0 robe
 p - a +0 leather armour (worn)
 x - a +0 pair of gloves (worn)
Jewellery
 n - a +3 ring of intelligence (left hand)
 r - a ring of protection from magic (right hand)
Scrolls
 f - a scroll of random uselessness {unknown}
 g - a scroll of blinking
 k - 4 scrolls of teleportation
 l - 3 scrolls of identify
 o - a scroll of magic mapping {unknown}
 q - a scroll of fear {unknown}
 t - a scroll of remove curse {unknown}
Potions
 h - a potion of resistance
 j - 4 potions of haste
 s - 2 potions of heal wounds
 u - a potion of brilliance {unknown}
 w - a potion of curing {unknown}
Comestibles
 c - 4 chunks of flesh
 d - 7 rations


   Skills:
 - Level 0.8 Fighting
 - Level 1.5 Dodging
 + Level 4.1 Unarmed Combat
 + Level 3.6 Spellcasting
 * Level 4.5 Transmutations


You had 4 spell levels left.
You knew the following spells:

 Your Spells              Type           Power        Failure   Level  Hunger
a - Beastly Appendage     Tmut           ###...       3%          1    None
b - Sticks to Snakes      Tmut           ###.....     4%          2    ##.....
c - Blade Hands           Tmut           ###.......   63%         5    ######.

Your spell library contained the following spells:

 Spells                   Type           Power        Failure   Level  Hunger
 Confusing Touch          Hex            #.....       21%         1    None
 Magic Dart               Conj           #...         21%         1    None
 Spider Form              Tmut/Pois      ##........   22%         3    ###....
 Blink                    Tloc           N/A          30%         2    ##.....
 Call Imp                 Summ           #.......     30%         2    ##.....
 Slow                     Hex            #.......     30%         2    ##.....
 Confuse                  Hex            #.......     52%         3    ###....
 Conjure Flame            Conj/Fire      #.......     52%         3    ###....
 Gell's Gravitas          Tloc           #.........   52%         3    ###....
 Mephitic Cloud           Conj/Pois/Air  #.......     52%         3    ###....
 Ice Form                 Ice/Tmut       ##......     58%         4    ####...
 Petrify                  Tmut/Erth      ##......     58%         4    ####...
 Yara's Violent Unravell  Hex/Tmut       ##........   91%         5    ######.
 Metabolic Englaciation   Hex/Ice        #.........   99%         5    ######.


Dungeon Overview and Level Annotations

Branches:
Dungeon (3/15)

Altars:
The Shining One


Innate Abilities, Weirdness & Mutations

You have extremely sharp teeth.
Your natural rate of healing is unusually fast.
When hurt, damage is shared between your health and your magic reserves.
Your bite disrupts and absorbs the magic of your enemies.
Potions cannot restore your health.
You are immune to rotting.


Message History

* * * LOW HITPOINT WARNING * * *
Your ball python barely misses something.
You hit something. Your bite misses something.
Your ball python closely misses something.
Something barely misses you.
Your ball python barely misses something.
You closely miss something.
Your ball python misses something. x2
Something hits you.
* * * LOW HITPOINT WARNING * * *
Something shocks you.
* * * LOW HITPOINT WARNING * * *
Your ball python misses something.
You miss something.
Your ball python closely misses something.
Something hits you but does no damage.
Your ball python misses something.
Your ball python bites something but does no damage.
Something hits you.
* * * LOW HITPOINT WARNING * * *
Something shocks you.
You die...

#########
#.......#
#.......#
#.....SS#
#.....S{#
#.....@.#
##......#
..##......#
..........#
..........#
..........#
..........#
..........#
..######'##


You could see 3 friendly ball pythons.

Vanquished Creatures
  An orc priest (D:3)
  An orc wizard (D:3)
  Terence (D:2)
  3 gnolls (D:3)
  2 adders
  An ooze (D:3)
  2 worms
  2 dart slugs
  4 leopard geckos
  2 orcs (D:3)
  A ball python (D:1)
  3 giant cockroaches
  10 goblins
  4 hobgoblins
  12 jackals
  14 bats
  4 frilled lizards
  6 kobolds
  18 rats
91 creatures vanquished.

Notes
Turn   | Place    | Note
-------+----------+-------------------------------------------
     0 | D:1      | Descartes the Vine Stalker Transmuter began the quest for
                  | the Orb.
     0 | D:1      | Reached XP level 1. HP: 9/9 MP: 4/4
   410 | D:1      | Reached XP level 2. HP: 5/14 MP: 1/6
   761 | D:1      | Reached XP level 3. HP: 3/17 MP: 3/7
  1295 | D:1      | Learned a level 2 spell: Sticks to Snakes
  1438 | D:1      | You fall through a shaft!
  1708 | D:2      | Noticed Terence
  1719 | D:2      | Killed Terence
  1719 | D:2      | Gained mutation: Your natural rate of healing is unusually
                  | fast. [Vine Stalker growth]
  1719 | D:2      | Reached XP level 4. HP: 7/21 MP: 2/9
  2014 | D:2      | Found a glowing golden altar of the Shining One.
  2563 | D:3      | Reached XP level 5. HP: 14/25 MP: 6/10
  2931 | D:3      | Learned a level 5 spell: Blade Hands
  3051 | D:3      | Reached XP level 6. HP: 25/29 MP: 8/12
  3262 | D:3      | You fall through a shaft for 2 floors!
  3262 | D:5      | Entered Level 5 of the Dungeon
  3274 | D:5      | Noticed a sky beast
  3315 | D:5      | Slain by a sky beast

Skill      XL: |  1  2  3  4  5 |
---------------+----------------+-----
Transmutations | 3 4 |  4.5
Spellcasting   | 3 |  3.6
Unarmed Combat | 4 |  4.1
Fighting       | |  0.8
Dodging        | |  1.5

Action                   |  1- 3 |  4- 6 || total
-------------------------+-------+-------++-------
Melee: Unarmed           |    15 |       ||    15
       Dagger            |    89 |   151 ||   240
       Bite              |    17 |    31 ||    48
       Punch             |     1 |     3 ||     4
 Cast: Sticks to Snakes  |       |     2 ||     2
  Use: Scroll            |       |     5 ||     5
 Stab: Sleeping          |       |     2 ||     2
  Eat: Chunk             |     2 |     6 ||     8
Armor: Robe              |    16 |       ||    16
       Leather armour    |       |    42 ||    42
Dodge: Dodged            |    83 |    94 ||   177
